 Dungeon Crawl Stone Soup version 0.29.1-13-g9f3cf754e1 (webtiles) character file.

Game seed: 1948604389528553017

39 Olfrad the Chopper (level 3, 0/33 HPs)
             Began as a Hill Orc Monk on Feb 3, 2023.
             Slain by an adder (3 damage)
             ... on level 2 of the Dungeon.
             The game lasted 00:03:00 (2009 turns).

Olfrad the Chopper (Hill Orc Monk)                  Turns: 2009, Time: 00:03:00

Health: 0/33       AC:  2    Str: 15    XL:     3   Next: 45%
Magic:  3/3        EV: 13    Int: 10    God:
Gold:   84         SH:  0    Dex: 19    Spells: 2/2 levels left

rFire   . . .      SeeInvis .   a - +0 hand axe
rCold   . . .      Faith    .   (no shield)
rNeg    . . .      Spirit   .   b - +0 robe
rPois   .          Reflect  .   (no helmet)
rElec   .          Harm     .   (no cloak)
rCorr   .          Rampage  .   (no gloves)
Will    .....                   (no boots)
Stlth   +.........              (no amulet)
HPRegen 0.11/turn               f - +6 ring of dexterity
MPRegen 0.08/turn               (no ring)

@: confused, lethally poisoned (0 -> -7), ambrosia-drunk
A: no striking features
a: no special abilities


You were on level 2 of the Dungeon.
You visited 1 branch of the dungeon, and saw 2 of its levels.

You collected 84 gold pieces.

Inventory:

Hand Weapons
 a - a +0 hand axe (weapon)
 h - a +2 vampiric whip
Armour
 b - a +0 robe (worn)
Jewellery
 f - a +6 ring of dexterity (left hand)
Scrolls
 d - a scroll of teleportation {unknown}
Potions
 e - a potion of degeneration {unknown}
 g - a potion of attraction {unknown}


   Skills:
 - Level 3.8 Fighting
 + Level 5.4 Axes
 - Level 2.5 Dodging
 - Level 1.7 Stealth


You had 2 spell levels left.
You didn't know any spells.
Your spell library was empty.

Dungeon Overview and Level Annotations

Branches:
Dungeon (2/15)

Altars:


Message History

You closely miss the adder. The adder misses you.
The hobgoblin barely misses you. The adder barely misses you.
You barely miss the rat. You hit the adder. You barely miss the hobgoblin.
The rat bites you but does no damage. The hobgoblin misses you.
The adder bites you.
You are poisoned.
The adder poisons you! The rat attacks as you move away!
The rat bites you but does no damage.
You feel sick. The adder bites you.
You hit the rat.
The rat is moderately wounded.
You barely miss the adder.
You feel sick. The adder bites you. The rat bites you. The adder bites you.
You are more poisoned.
The adder poisons you! The rat closely misses you.
You closely miss the rat.
The rat is moderately wounded.
You closely miss the adder.
You feel sick. The adder bites you.
You are lethally poisoned!
The adder poisons you! The rat misses you.
You hit the rat.
The rat is severely wounded.
You barely miss the adder.
* * * LOW HITPOINT WARNING * * *
You feel very sick. The adder bites you but does no damage.
The rat closely misses you. The rat attacks as you move away!
The rat bites you.
* * * LOW HITPOINT WARNING * * *
x2 You feel sick.
The adder bites you.
* * * LOW HITPOINT WARNING * * *
You are more poisoned.
The adder poisons you! The adder attacks as you move away!
The adder bites you but does no damage.
* * * LOW HITPOINT WARNING * * *
You feel very sick.
You are confused.
You feel invigorated.
* * * LOW HITPOINT WARNING * * *
You feel sick. The adder bites you.
You die...

##.~~.~.. .. .......
...~~~~.##.### .......
#..~~~~.##...# .......
#..~~~~....#.# .......
#..........#.##.......
#.# #.....#.#........
#.# #.....#.g........
#.# #.....#S.#.......
#.####†....@r.#.......
#.#........>.##.......
#..........### .......
#....PP....# #######
#..P.P.....#
#.####.....#
#.####..#### .###
#.....†.#
....#######.## #####


You could see an adder, a hobgoblin and a rat.

Vanquished Creatures
  An adder (D:2)
  3 ball pythons
  2 bat zombies (D:2)
  4 endoplasms (D:1)
  A giant cockroach (D:1)
  2 goblins (D:1)
  4 hobgoblins
  2 kobolds (D:1)
  A quokka (D:2)
  A ball python zombie (D:2)
  4 frilled lizards
  A quokka skeleton (D:2)
  2 rats (D:1)
28 creatures vanquished.

Vanquished Creatures (others)
  9 plants (D:1)
  3 withered plants (D:2)
12 creatures vanquished.

Grand Total: 40 creatures vanquished

Notes
Turn   | Place    | Note
-------+----------+-------------------------------------------
     0 | D:1      | Olfrad the Hill Orc Monk began the quest for the Orb.
     0 | D:1      | Reached XP level 1. HP: 19/19 MP: 1/1
    16 | D:1      | Found a faded altar of an unknown god.
   376 | D:1      | Reached XP level 2. HP: 18/27 MP: 2/2
  1632 | D:2      | Reached skill level 5 in Axes
  1632 | D:2      | Reached XP level 3. HP: 28/33 MP: 3/3
  2009 | D:2      | Slain by an adder

Illustrated notes

Levels and vault maps discovered:
D:1:      minmay_arrival_three_doors, layout_rooms, serial_bayou,
          serial_bayou_shore_b, serial_bayou_pond_d, serial_bayou_lagoon_b,
          serial_bayou_shore_a, shapermc_ecumenical_altar_flowoftime
D:2:      layout_basic, serial_undead, serial_undead_b, serial_undead_c,
          serial_undead_b, serial_undead_f, serial_undead_c, serial_undead_e,
          serial_shops, shop

Skill      XL: |  1  2 |
---------------+-------+-----
Axes           | 5 |  5.4
Fighting       | |  3.8
Dodging        | |  2.5
Stealth        | |  1.7

Action                   || total
-------------------------++-------
Melee: Hand axe          ||   111
       Punch             ||     1
  Use: Potion            ||     1
 Stab: Sleeping          ||     3
Armor: Robe              ||    21
Dodge: Dodged            ||    76
